 Dungeon Crawl Stone Soup version 0.23.2-40-g277498a001 (webtiles) character file.

Game seed: 5491363294567160924

2531 MalarOregon the Skirmisher (level 9, 0/73 HPs)
             Began as a Merfolk Fighter on Aug 13, 2019.
             Was an Initiate of Gozag.
             Slain by an orc warrior
             ... wielding a +0 dire flail
              (18 damage)
             ... on level 7 of the Dungeon.
             The game lasted 00:10:42 (6609 turns).

MalarOregon the Skirmisher (Merfolk Fighter)        Turns: 6609, Time: 00:10:42

Health: 0/73       AC: 17    Str: 20    XL:     9   Next: 55%
Magic:  9/9        EV:  4    Int:  7    God:    Gozag
Gold:   562        SH: 11    Dex: 13    Spells: 8/8 levels left

rFire    . . .     SeeInvis .   a - +2 long sword (drain)
rCold    . . .     Gourm    .   c - +0 shield
rNeg     . . .     Faith    .   v - +0 plate armour
rPois    .         Spirit   .   k - +1 helmet
rElec    .         Reflect  .   (no cloak)
rCorr    .         Harm     .   (no gloves)
MR       .....     Rnd*Tele +   (no boots)
Stlth    ..........             u - amulet of rage
HPRegen  0.22/turn              b - +3 ring of protection
MPRegen  0.11/turn              B - ring of teleportation

@: gold aura
A: change form in water, swift swim, stealthy swim
a: Potion Petition, Call Merchant, Bribe Branch, Renounce Religion, Evoke
Berserk Rage


You were on level 7 of the Dungeon.
You worshipped Gozag.
Gozag was pleased with you.
You were near starving.

You visited 2 branches of the dungeon, and saw 8 of its levels.

You collected 647 gold pieces.
You paid 85 gold pieces to Gozag.

Inventory:

Hand Weapons
 a - a +2 long sword of draining (weapon)
   (You found it on level 3 of the Dungeon)
Armour
 c - a +0 shield (worn)
 k - a +1 helmet (worn)
   (You found it on level 1 of the Dungeon)
 v - a +0 plate armour (worn)
   (You took it off an orc warrior on level 6 of the Dungeon)
Jewellery
 b - a +3 ring of protection (left hand)
   (You found it on level 6 of the Dungeon)
 l - an uncursed ring of protection from magic
   (You found it on level 2 of the Dungeon)
 u - an amulet of rage (around neck)
   (You found it on level 3 of the Dungeon)
 B - a ring of teleportation (right hand)
   (You found it on level 4 of the Dungeon)
Wands
 x - a wand of acid (6)
   (You found it on level 6 of the Dungeon)
Scrolls
 f - 3 scrolls of remove curse {@r2}
 g - 3 scrolls of teleportation {@r4}
 n - 2 scrolls of enchant weapon
 p - a scroll of identify {@r1}
 q - a scroll of fog
 s - 3 scrolls of enchant armour
 t - a scroll of fear
Potions
 d - 2 potions of might
 h - 4 potions of brilliance {unknown}
 i - 3 potions of curing {unknown}
 j - 2 potions of agility {unknown}
 m - 3 potions of flight {unknown}
 o - a potion of cancellation {unknown}
 r - a potion of haste {unknown}
 z - a potion of lignification {unknown}
 A - 2 potions of mutation {unknown}
 C - a potion of berserk rage {unknown}
Comestibles
 e - 6 rations {!d}


   Skills:
 + Level 7.7 Fighting
 + Level 7.3 Long Blades
 + Level 5.2 Armour
 + Level 6.9 Shields


You had 8 spell levels left.
You didn't know any spells.
Your spell library was empty.

Dungeon Overview and Level Annotations

Branches:
Dungeon (7/15)             Temple (1/1) D:5

Altars:
Ashenzari
Cheibriados
Dithmenos
Elyvilon
Fedhas
Gozag
Hepliaklqana
Kikubaaqudgha
Makhleb
Nemelex Xobeh
Okawaru
Qazlal
Ru
Sif Muna
Trog
Uskayaw
Vehumet
Wu Jian
Xom
Yredelemnul
Zin
The Shining One


Message History

The bullfrog zombie hits you but does no damage. x2
You slash the bullfrog zombie!
You destroy the bullfrog zombie!
No target in view!
No target in view!
No target in view!
No target in view!
No target in view!
No target in view!
No target in view!
No target in view!
No target in view!
No target in view!
You now have 541 gold pieces (gained 9).
You now have 557 gold pieces (gained 16).
You see here a +0 giant club.
You now have 562 gold pieces (gained 5).
An ogre comes into view. It is wielding a +0 giant club.
The ogre shouts!
An orc warrior comes into view. It is wielding a +0 dire flail.
An orc comes into view.
An orc comes into view. It is wielding a +0 trident.
Found a ration.
There are monsters nearby!
There are monsters nearby!
An adder comes into view.
The adder hisses angrily.
The orc warrior shouts!
The orc shouts! x2
An orc priest comes into view.
Found a stone staircase leading down.
There are monsters nearby!
The ogre becomes distracted by your gold, dreaming of imaginary riches.
The ogre is no longer distracted by gold.
You slash the ogre! You drain the ogre. The ogre hits you with a +0 giant club.
You slash the ogre!
An orc comes into view.
The ogre hits you but does no damage.
You barely miss the ogre.
The orc shouts!
You hear a shout!
Your plate armour prevents you from hitting the ogre.
The ogre hits you with a +0 giant club!
* * * LOW HITPOINT WARNING * * *
You slash the ogre!
You kill the ogre!
You slash the orc warrior!
The orc warrior hits you with a +0 dire flail!
* * * LOW HITPOINT WARNING * * *
Your shield and plate armour prevent you from hitting the orc warrior.
The orc warrior hits you with a +0 dire flail!!
You die...
Your body crumbles into a pile of gold.

#.#### ..#..# ###....
..#..#### #.....#
##.#.....
#.#.#.####......###
####.#....##.........##
).........<............
###.#....##.<.......#
#.######..)...## #.#
##@#...# #.# #o##.##
#.# #o# .# ..# ##o# .
#.# #So# ## #.# #.##
#.# #o....>.. #.#######
...


You could see an orc warrior, an orc priest, an adder and 3 orcs.

Vanquished Creatures
  Pikel (D:3)
  Sigmund (D:4)
  2 black bears
  An orc warrior (D:6)
  A phantom (D:6)
  5 ogres
  A centaur (D:6)
  3 bullfrogs (D:6)
  A scorpion (D:4)
  A wyvern skeleton (D:7)
  4 killer bees
  2 howler monkeys (D:6)
  A bullfrog zombie (D:7)
  A crimson imp (D:7)
  A jelly (D:5)
  2 orc priests
  2 orc wizards
  2 hounds
  A centaur skeleton (D:4)
  An iguana (D:6)
  3 worker ants
  A hound skeleton (D:6)
  A worker ant zombie (D:4)
  4 gnolls (D:4)
  4 adders
  A shadow imp (D:3)
  A dart slug (D:1)
  2 worms (D:3)
  2 leopard geckos
  10 orcs
  A ball python (D:4)
  6 giant cockroaches
  11 goblins
  9 hobgoblins
  3 jackals (D:6)
  6 quokkas
  9 bats
  6 frilled lizards
  6 kobolds
  A leopard gecko skeleton (D:5)
  7 rats
128 creatures vanquished.

Vanquished Creatures (others)
  A slave (D:4)
  2 hounds (D:4)
  An orc wizard (D:6)
4 creatures vanquished.

Grand Total: 132 creatures vanquished

Notes
Turn   | Place    | Note
-------+----------+-------------------------------------------
     0 | D:1      | MalarOregon the Merfolk Fighter began the quest for the
                  | Orb.
     0 | D:1      | Reached XP level 1. HP: 18/18 MP: 1/1
   175 | D:1      | Reached XP level 2. HP: 24/24 MP: 2/2
   398 | D:1      | Reached XP level 3. HP: 26/29 MP: 3/3
   875 | D:2      | You fall through a shaft!
  1253 | D:2      | Reached XP level 4. HP: 22/37 MP: 4/4
  1614 | D:2      | Found a faded altar of an unknown god.
  2538 | D:4      | Reached XP level 5. HP: 38/42 MP: 5/5
  2552 | D:4      | Noticed a slave
  2552 | D:4      | Noticed a slave
  2553 | D:4      | Noticed a slave
  2556 | D:4      | Noticed a slave
  2557 | D:4      | Noticed Pikel
  2923 | D:3      | Killed Pikel
  2923 | D:3      | Reached skill level 5 in Fighting
  2923 | D:3      | Reached XP level 6. HP: 16/51 MP: 6/6
  2923 | D:3      | Reached XP level 7. HP: 17/56 MP: 7/7
  3266 | D:4      | Found a bloodstained altar of Trog.
  3357 | D:4      | Reached skill level 5 in Shields
  3428 | D:4      | Reached skill level 5 in Long Blades
  3488 | D:4      | Noticed Sigmund
  3499 | D:4      | Killed Sigmund
  3499 | D:4      | Reached XP level 8. HP: 44/64 MP: 8/8
  3726 | D:5      | Entered Level 5 of the Dungeon
  3844 | D:5      | Found a staircase to the Ecumenical Temple.
  3869 | Temple   | Entered the Ecumenical Temple
  3954 | Temple   | Became a worshipper of Gozag Ym Sagoz the Greedy
  5641 | D:6      | Reached XP level 9. HP: 56/72 MP: 9/9
  6046 | D:6      | Reached skill level 5 in Armour
  6609 | D:7      | Slain by an orc warrior

Skill      XL: |  1  2  3  4  5  6  7  8  9 |
---------------+----------------------------+-----
Long Blades    | 3 4 5 6 7 |  7.3
Fighting       | 4 5 7 |  7.7
Armour         | 3 4 5 |  5.2
Shields        | 4 5 6 |  6.9

Action                   |  1- 3 |  4- 6 |  7- 9 || total
-------------------------+-------+-------+-------++-------
Melee: Long sword        |   164 |   111 |   261 ||   536
       Tailslap          |       |       |     3 ||     3
Invok: Potion Petition   |       |       |     1 ||     1
Evoke: Wand              |       |       |     1 ||     1
  Use: Scroll            |       |       |    11 ||    11
 Stab: Distracted        |       |       |     2 ||     2
  Eat: Chunk             |     1 |     4 |     2 ||     7
       Ration            |       |     1 |     2 ||     3
Armor: Scale mail        |    87 |    36 |    52 ||   175
       Plate armour      |       |       |   102 ||   102
Dodge: Dodged            |    56 |    28 |    70 ||   154
Block: Shield            |    85 |    55 |   154 ||   294
       Rpst.: Long sword |    17 |     7 |    13 ||    37
